 Dungeon Crawl Stone Soup version 0.23.2-33-g5129a83184 (webtiles) character file.

Game seed: 8355277268358270695

29947 zawa the Bludgeoner (level 13, -6/122 HPs)
             Began as a Minotaur Berserker on Aug 8, 2019.
             Was a High Priest of Trog.
             Killed from afar by a frost giant (20 damage)
             ... with a bolt of cold
             ... in an ice cave on Aug 10, 2019.
             The game lasted 01:36:17 (15350 turns).

zawa the Bludgeoner (Minotaur Berserker)           Turns: 15350, Time: 01:36:18

Health: -6/122     AC: 25    Str: 27    XL:     13   Next: 17%
Magic:  12/12      EV: 10    Int:  4    God:    Trog [*****.]
Gold:   804        SH:  7    Dex: 11    Spells: 12/12 levels left

rFire    . . .     SeeInvis +   R - +5 morningstar of Distraction {protect, rPois rC+ Str-3}
rCold    + . .     Gourm    .   I - +3 buckler
rNeg     . . .     Faith    .   L - +9 chain mail "Iningoirph" {*Slow Str+4}
rPois    +         Spirit   .   (helmet restricted)
rElec    .         Reflect  .   E - scarf {repulsion}
rCorr    .         Harm     .   (no gloves)
MR       +++..                  n - +2 pair of boots
Stlth    ..........             b - amulet of rage
HPRegen  1.30/turn              J - ring of protection from magic
MPRegen  0.13/turn              M - ring of see invisible

@: berserk cooldown, starving, regenerating, slowed, repel missiles, very slow
A: retaliatory headbutt, horns 2
a: Berserk, Trog's Hand, Brothers in Arms, Renounce Religion, Evoke Berserk Rage


You were in an ice cave.
You worshipped Trog.
Trog was extremely pleased with you.
You were starving.

You visited 3 branches of the dungeon, and saw 15 of its levels.
You also visited: Ice Cave.

You collected 804 gold pieces.

Inventory:

Hand Weapons
 v - a +4 scimitar of flaming
 C - the +2 whip of Demonkind {protect, -Tele Str+3 Int+4 Dex+2}
   (You found it on level 5 of the Dungeon)

   It protects the one who uses it against injury (+AC on strike).
   It affects your strength (+3).
   It affects your intelligence (+4).
   It affects your dexterity (+2).
   It prevents most forms of teleportation.
 R - the +5 morningstar of Distraction (weapon) {protect, rPois rC+ Str-3}
   (You found it on level 8 of the Dungeon)

   It protects the one who uses it against injury (+AC on strike).
   It affects your strength (-3).
   It protects you from cold.
   It protects you from poison.
 T - the +5 pair of quick blades "Gyre" and "Gimble" {pierce, Dex-3}
   (You took it off a big kobold on level 8 of the Dungeon)

   It inflicts extra damage upon your enemies.
   It affects your dexterity (-3).
Armour
 n - a +2 pair of boots (worn)
 E - a scarf of repulsion (worn)
 I - a +3 buckler (worn)
 L - the +9 chain mail "Iningoirph" (worn) {*Slow Str+4}
   (You found it on level 10 of the Dungeon)

   It affects your strength (+4).
   It may slow you when you take damage.
Magical Staves
 G - an uncursed staff of conjuration {unknown}
 Q - an uncursed staff of conjuration {unknown}
Jewellery
 b - an amulet of rage (around neck)
 B - an uncursed amulet of magic regeneration {unknown}
 J - a ring of protection from magic (left hand)
 M - a ring of see invisible (right hand)
 Y - an uncursed ring of poison resistance {unknown}
Wands
 p - a wand of flame (58)
 O - a wand of clouds (2)
 U - a wand of disintegration (13)
 V - a wand of iceblast (11)
 X - a wand of paralysis (3)
Scrolls
 d - 2 scrolls of fog
 f - 2 scrolls of enchant armour
 h - 4 scrolls of teleportation
 k - 3 scrolls of enchant weapon
 l - 8 scrolls of amnesia
 q - 3 scrolls of noise
 t - 7 scrolls of identify
 x - a scroll of magic mapping {unknown}
 y - 9 scrolls of remove curse {unknown}
 z - a scroll of brand weapon {unknown}
 F - a scroll of acquirement {unknown}
 N - a scroll of fear {unknown}
 W - a scroll of blinking {unknown}
Potions
 e - a potion of invisibility {unknown}
 g - 6 potions of haste
 i - 4 potions of might {unknown}
 j - 2 potions of agility {unknown}
 m - a potion of magic {unknown}
 r - 4 potions of curing
 w - 6 potions of flight
 H - 3 potions of mutation {unknown}
 K - a potion of brilliance {unknown}
 P - a potion of ambrosia {unknown}
 Z - 2 potions of lignification {unknown}
Miscellaneous
 A - a fan of gales
Comestibles
 c - 27 rations


   Skills:
 + Level 13.4 Fighting
   Level 9.2(13.6) Axes
 * Level 16.0(16.7) Maces & Flails
 + Level 13.2 Armour
 - Level 2.1 Dodging
 - Level 4.0 Shields


You had 12 spell levels left.
You didn't know any spells.
Your spell library contained the following spells:

 Spells                   Type           Power        Failure   Level  Hunger
 Beastly Appendage        Tmut           #.....       92%         1    ##.....
 Sandblast                Erth           #.....       92%         1    ##.....
 Summon Small Mammal      Summ           #...         92%         1    ##.....
 Call Imp                 Summ           #.......     98%         2    ###....
 Passwall                 Tmut/Erth      #.......     98%         2    ###....
 Sticks to Snakes         Tmut           #.......     98%         2    ###....
 Call Canine Familiar     Summ           #.......     100%        3    ####...
 Spider Form              Tmut/Pois      #.........   100%        3    ####...
 Stone Arrow              Conj/Erth      #.....       100%        3    ####...
 Summon Guardian Golem    Hex/Summ       #.......     100%        3    ####...
 Ice Form                 Ice/Tmut       #.......     100%        4    #####..
 Petrify                  Tmut/Erth      #.......     100%        4    #####..
 Summon Ice Beast         Ice/Summ       #.......     100%        4    #####..
 Summon Lightning Spire   Summ/Air       #.......     100%        4    #####..
 Blade Hands              Tmut           #.........   100%        5    ######.
 Lee's Rapid Deconstruct  Erth           #.........   100%        5    ######.


Dungeon Overview and Level Annotations

Branches:
Dungeon (10/15)            Temple (0/1) D:6            Lair (4/6) D:10
  Swamp (1/4) Lair:2
  Snake: Lair:2-4    Spider: Lair:2-4       Orc: D:9-12

Altars:
Cheibriados
Elyvilon
Gozag
Kikubaaqudgha
Qazlal
Ru
Sif Muna
Uskayaw
Wu Jian

Shops:
D:8 (


Innate Abilities, Weirdness & Mutations

You reflexively headbutt those who attack you in melee.
You have a pair of horns on your head.


Message History

* * * LOW HITPOINT WARNING * * *
The frost giant freezes you.
* * * LOW HITPOINT WARNING * * *
You hear a bellow!
Okay, then.
You hear a howl!
The wolf stops to sniff the ground.
The frost giant gestures at you while chanting.
The bolt of cold hits you! You resist.
* * * LOW HITPOINT WARNING * * *
The wolf closely misses you.
The yak bellows!
The frost giant casts a spell at you. The bolt of cold misses you.
You hear an angry growl.
The frost giant gestures at you while chanting.
The bolt of cold misses you.
The frost giant points at you and mumbles some strange words.
The bolt of cold hits you!! You resist.
You die...

######## ##### ##......####
####.hY#
####....#.....####hh..#...#
###....#######..@.#h..###
.h... ....#### ###...C###
h... ..### ###### ... ###
h. # # ## .# # ≈### .##
#### ≈≈≈# ... .÷.###
≈≈≈###..


You could see a frost giant.

Vanquished Creatures
  Harold (D:10)
  Erica (D:10)
  5 death yaks (Lair:4)
  A two-headed ogre (D:10)
  Pikel (D:5)
  2 black mambas
  2 ice statues (IceCv)
  Joseph (D:7)
  A spiny frog (Lair:3)
  A gargoyle (D:10)
  2 rime drakes
  3 komodo dragons
  12 polar bears (IceCv)
  A troll (D:10)
  A queen bee (Lair:2)
  A hornet (D:10)
  10 blink frogs
  7 hippogriffs
  Sigmund (D:4)
  A vampire (D:9)
  13 yaks
  A basilisk (Lair:1)
  3 wyverns
  Eustachio (D:5)
  A steam dragon (D:10)
  Grum (D:10)
  Duvessa (D:4)
  A water moccasin (Lair:3)
  10 porcupines
  4 orc warriors
  2 slaves (D:5)
  4 phantoms
  3 ice beasts
  4 sky beasts
  An eye of draining (D:9)
  9 ogres
  23 wolves
  5 centaurs
  7 crocodiles
  A big kobold (D:8)
  6 bullfrogs
  2 scorpions
  2 wyvern skeletons
  2 water moccasin skeletons
  Dowan (D:4)
  14 killer bees
  6 wights (D:9)
  An electric eel (Lair:1)
  5 howler monkeys
  6 crimson imps
  2 bullfrog zombies
  A hound (D:4)
  3 orc priests
  3 jellies
  3 bullfrog skeletons
  A centaur skeleton (D:7)
  Ijyb (D:3)
  An iguana (D:5)
  9 orc wizards
  Natasha (D:4)
  9 worker ants
  A hound skeleton (D:6)
  A worker ant zombie (D:10)
  5 gnolls
  10 adders
  2 shadow imps
  12 white imps (Lair:4)
  2 oozes
  An adder skeleton (D:5)
  3 worms
  A dart slug (D:2)
  9 leopard geckos
  28 orcs
  11 bats
  4 giant cockroaches
  6 goblins
  5 hobgoblins
  11 jackals
  11 kobolds
  6 quokkas
  A ball python (D:3)
  4 frilled lizards
  A leopard gecko skeleton (D:8)
  A leopard gecko zombie (D:6)
  A quokka skeleton (D:4)
  9 rats
  A fungus (Lair:1)
376 creatures vanquished.

Vanquished Creatures (collateral kills)
  A catoblepas (Lair:2)
  2 centaur warriors (D:8)
  A cyclops (D:9)
  Maurice (D:9)
  A yak (D:9)
  An ice beast (D:9)
  An ogre (D:9)
  A big kobold (D:7)
  A bullfrog (D:9)
  5 killer bees (Lair:2)
  2 wights (D:9)
  A hound (D:9)
  2 kobolds (D:7)
20 creatures vanquished.

Vanquished Creatures (others)
  An adder (D:5)
  An orc (D:8)
  A fungus (Lair:1)
3 creatures vanquished.

Grand Total: 399 creatures vanquished

Notes
Turn   | Place    | Note
-------+----------+-------------------------------------------
     0 | D:1      | zawa the Minotaur Berserker began the quest for the Orb.
     0 | D:1      | Reached XP level 1. HP: 19/19 MP: 0/0
   473 | D:1      | Reached XP level 2. HP: 27/27 MP: 1/1
  1242 | D:2      | Reached XP level 3. HP: 27/33 MP: 2/2
  1427 | D:2      | Reached ** piety under Trog
  1451 | D:2      | Found an ancient bone altar of Kikubaaqudgha.
  1952 | D:3      | Noticed Ijyb
  1955 | D:3      | Reached XP level 4. HP: 31/40 MP: 3/3
  1966 | D:3      | Killed Ijyb
  1966 | D:3      | Reached skill level 5 in Axes
  2285 | D:3      | Reached XP level 5. HP: 47/47 MP: 4/4
  2400 | D:3      | Reached *** piety under Trog
  2513 | D:3      | Found a sacrificial altar of Ru.
  2640 | D:3      | Found a deep blue altar of Sif Muna.
  2828 | D:3      | Found an opulent altar of Gozag.
  2828 | D:3      | Found an ornate altar of the Wu Jian Council.
  3405 | D:4      | Noticed Dowan
  3405 | D:4      | Noticed Duvessa
  3414 | D:4      | Killed Dowan
  3414 | D:4      | Reached skill level 5 in Fighting
  3416 | D:4      | Killed Duvessa
  3416 | D:4      | Reached XP level 6. HP: 56/56 MP: 5/5
  3483 | D:4      | Noticed a sky beast
  3498 | D:4      | Killed a sky beast
  3528 | D:4      | Reached skill level 5 in Armour
  3528 | D:4      | Reached XP level 7. HP: 42/62 MP: 6/6
  4056 | D:4      | Found a glowing drain.
  4222 | D:4      | Noticed Sigmund
  4232 | D:4      | Killed Sigmund
  4406 | D:4      | Noticed Natasha
  4437 | D:4      | Killed Natasha
  4529 | D:4      | Found a stormy altar of Qazlal.
  4555 | D:4      | Reached XP level 8. HP: 54/71 MP: 7/7
  4871 | D:5      | Entered Level 5 of the Dungeon
  4965 | D:5      | Found a white marble altar of Elyvilon.
  5262 | D:5      | Got an ichor-stained whip
  5264 | D:5      | Identified the +2 whip of Demonkind {protect, -Tele Str+3
                  | Int+4 Dex+2} (You found it on level 5 of the Dungeon)
  5419 | D:5      | Reached skill level 1 in Maces & Flails
  5547 | D:5      | Reached skill level 2 in Maces & Flails
  5590 | D:5      | Noticed Pikel
  5600 | D:5      | Killed Pikel
  5600 | D:5      | Reached **** piety under Trog
  5600 | D:5      | Reached skill level 4 in Maces & Flails
  5823 | D:5      | Noticed Eustachio
  5834 | D:5      | Killed Eustachio
  5834 | D:5      | Reached skill level 5 in Maces & Flails
  5834 | D:5      | Reached XP level 9. HP: 81/81 MP: 8/8
  6148 | D:6      | Found a staircase to the Ecumenical Temple.
  6414 | D:6      | Reached skill level 1 in Shields
  6429 | D:6      | Reached skill level 6 in Maces & Flails
  7183 | D:7      | Found a snail-covered altar of Cheibriados.
  7213 | D:7      | Reached skill level 7 in Maces & Flails
  7363 | D:7      | Noticed Joseph
  7372 | D:7      | Killed Joseph
  7757 | D:8      | Found Mish's Weapon Shoppe.
  7792 | D:8      | Reached skill level 8 in Maces & Flails
  8019 | D:8      | Reached XP level 10. HP: 91/91 MP: 9/9
  8090 | D:8      | Got an ivory morningstar
  8092 | D:8      | Identified the +5 morningstar of Distraction {protect,
                  | rPois rC+ Str-3} (You found it on level 8 of the Dungeon)
  8248 | D:8      | Noticed a +0 hand axe
  8249 | D:8      | Noticed a +0 dagger
  8252 | D:8      | Found a hide-covered altar of Uskayaw.
  8460 | D:8      | Reached skill level 9 in Maces & Flails
  8491 | D:8      | Noticed a centaur warrior
  8492 | D:8      | Noticed a centaur warrior
  8501 | D:8      | Killed a centaur warrior
  8502 | D:8      | Killed a centaur warrior
  8812 | D:8      | Reached skill level 10 in Fighting
  8869 | D:9      | Reached skill level 10 in Maces & Flails
  9121 | D:9      | Reached skill level 10 in Armour
  9321 | D:9      | Noticed Maurice
  9332 | D:9      | Reached skill level 11 in Maces & Flails
  9333 | D:9      | Reached XP level 11. HP: 101/101 MP: 10/10
  9338 | D:9      | Paralysed by Maurice for 2 turns
  9491 | D:9      | Killed Maurice
  9758 | D:10     | Entered Level 10 of the Dungeon
  9773 | D:10     | Noticed Harold
  9795 | D:10     | Killed Harold
 10079 | D:10     | Reached skill level 12 in Maces & Flails
 10307 | D:10     | Noticed Grum
 10333 | D:10     | Killed Grum
 10434 | D:10     | Paralysed by a hornet for 3 turns
 10731 | D:10     | Noticed Erica
 10739 | D:10     | Killed Erica
 10937 | D:10     | Found a staircase to the Lair.
 11230 | D:10     | Noticed a two-headed ogre
 11236 | D:10     | Killed a two-headed ogre
 11267 | D:10     | Got a faintly glowing chain mail
 11278 | D:10     | Identified the +9 chain mail "Iningoirph" {*Slow Str+4}
                  | (You found it on level 10 of the Dungeon)
 11408 | Lair:1   | Entered Level 1 of the Lair of Beasts
 11416 | Lair:1   | Reached skill level 13 in Maces & Flails
 11895 | Lair:1   | Reached XP level 12. HP: 112/112 MP: 11/11
 12467 | Lair:2   | Found a staircase to the Swamp.
 12552 | Lair:2   | Reached ***** piety under Trog
 12673 | Lair:2   | Reached skill level 14 in Maces & Flails
 13033 | Lair:2   | Noticed a catoblepas
 13039 | Lair:2   | Killed a catoblepas
 13121 | Swamp:1  | Entered Level 1 of the Swamp
 13121 | Swamp:1  | Noticed a four-headed hydra
 13872 | Lair:4   | Found a frozen archway.
 13875 | Lair:4   | Noticed a death yak
 13875 | Lair:4   | Noticed a death yak
 13876 | Lair:4   | Noticed a death yak
 13885 | Lair:4   | Noticed a death yak
 13887 | Lair:4   | Noticed a death yak
 13890 | Lair:4   | Killed a death yak
 13900 | Lair:4   | Killed a death yak
 13903 | Lair:4   | Killed a death yak
 13903 | Lair:4   | Reached skill level 15 in Maces & Flails
 13907 | Lair:4   | Killed a death yak
 13907 | Lair:4   | Received a gift from Trog
 13914 | Lair:4   | Killed a death yak
 14005 | IceCv    | Entered an ice cave
 14272 | IceCv    | Reached XP level 13. HP: 122/122 MP: 12/12
 15039 | IceCv    | Reached skill level 16 in Maces & Flails
 15302 | IceCv    | Noticed a frost giant
 15350 | IceCv    | Killed from afar by a frost giant

Skill      XL: |  1  2  3  4  5  6  7  8  9 10 11 12 13 |
---------------+----------------------------------------+-----
Axes           | 4 5 6 7 8 9 |  9.2
Fighting       | 4 5 6 8 9 10 11 13 | 13.4
Armour         | 3 4 5 6 7 8 10 11 13 | 13.2
Maces & Flails | 5 8 11 13 15 16 | 16.0
Shields        | 3 4 |  4.0
Dodging        | |  2.1

Action                   |  1- 3 |  4- 6 |  7- 9 | 10-12 | 13-15 || total
-------------------------+-------+-------+-------+-------+-------++-------
Melee: Hand axe          |    78 |    97 |    56 |       |       ||   231
       Headbutt          |    13 |    11 |    67 |   102 |    25 ||   218
       Mace              |     3 |       |       |       |       ||     3
       Whip              |       |       |   203 |    37 |       ||   240
       Morningstar       |       |       |       |   521 |   110 ||   631
       Eveningstar       |       |       |       |     7 |       ||     7
Invok: Berserk           |     1 |     5 |    12 |    19 |     3 ||    40
       Brothers in Arms  |       |       |     1 |     6 |     1 ||     8
       Trog's Hand       |       |       |     1 |     2 |     2 ||     5
  Use: Scroll            |       |       |    13 |     3 |       ||    16
       Potion            |       |       |       |     1 |     2 ||     3
 Stab: Distracted        |       |       |       |     1 |       ||     1
  Eat: Ration            |     1 |     1 |     2 |     3 |     1 ||     8
       Chunk             |     1 |     6 |    19 |    30 |     3 ||    59
Armor: Ring mail         |    21 |     6 |       |       |       ||    27
       Animal skin       |     4 |       |       |       |       ||     4
       Leather armour    |       |    16 |    64 |    74 |       ||   154
       Chain mail        |       |       |       |   178 |    79 ||   257
       Steam dragon scal |       |       |       |     6 |       ||     6
Dodge: Dodged            |    45 |    55 |   102 |   224 |    59 ||   485
       Deflected         |       |       |       |     3 |     4 ||     7
Block: Buckler           |       |       |    10 |   115 |    45 ||   170
